 Dungeon Crawl Stone Soup version 0.28-a0-653-g7e9dba17c3 (webtiles) character file.

Game seed: 8462631721315368848

119 Ge0ff the Chucker (level 5, -5/40 HPs)
             Began as a Gnoll Wanderer on Oct 11, 2021.
             Was a Believer of Yredelemnul.
             Slain by a scorpion (6 damage)
             ... on level 4 of the Dungeon.
             The game lasted 00:05:48 (2563 turns).

Ge0ff the Chucker (Gnoll Wanderer)                  Turns: 2563, Time: 00:05:49

Health: -5/40      AC:  3    Str: 17    XL:     5   Next: 3%
Magic:  9/9        EV: 11    Int: 12    God:    Yredelemnul [**....]
Gold:   52         SH:  0    Dex: 12    Spells: 7/10 levels left

rFire   . . .      SeeInvis .   a - +3 shortbow
rCold   . . .      Faith    .   (shield currently unavailable)
rNeg    . . .      Spirit   .   k - +0 leather armour
rPois   .          Reflect  .   (no helmet)
rElec   .          Harm     .   (no cloak)
rCorr   .          Rampage  .   (no gloves)
Will    .....                   (no boots)
Stlth   +.........              n - amulet of regeneration
HPRegen 1.13/turn               y - +6 ring of strength
MPRegen 0.11/turn               (no ring)

@: mighty, brilliant, lethally poisoned (-5 -> -5), flying, hasted, very quick
A: fangs 1, strong nose, distributed training
a: Renounce Religion, Animate Remains, Recall Undead Slaves, Injury Mirror


You were on level 4 of the Dungeon.
You worshipped Yredelemnul.
Yredelemnul was pleased with you.
You visited 1 branch of the dungeon, and saw 4 of its levels.

You collected 52 gold pieces.

Inventory:

Hand Weapons
 a - a +3 shortbow (weapon)
 b - a +0 spear of venom
 h - a +0 hunting sling
 q - a +0 dagger
 W - a +1 dagger of distortion
Missiles
 d - 59 stones
 g - 38 arrows (quivered ammo)
 j - 14 sling bullets
 w - 7 poisoned darts
Armour
 k - a +0 leather armour (worn)
 z - a +0 scale mail
Jewellery
 l - an amulet of reflection
 n - an amulet of regeneration (around neck)
 y - a +6 ring of strength (left hand)
Scrolls
 x - 3 scrolls of enchant weapon
 B - a scroll of blinking
 E - a scroll of fear
 T - a scroll of teleportation
 U - a scroll of enchant armour
 V - a scroll of amnesia
Potions
 p - a potion of heal wounds {unknown}
 s - a potion of magic {unknown}
 u - a potion of resistance {unknown}
 H - 2 potions of haste {!q}


   Skills:
 + Level 2.8 Fighting
 + Level 1.3 Short Blades
 + Level 1.3 Long Blades
 + Level 1.3 Axes
 + Level 1.3 Maces & Flails
 + Level 1.3 Polearms
 + Level 1.3 Staves
 + Level 1.3 Slings
 + Level 2.8 Bows
 + Level 1.3 Crossbows
 + Level 4.7 Throwing
 + Level 2.8 Armour
 + Level 1.3 Dodging
 + Level 1.3 Stealth
 + Level 1.3 Shields
 + Level 1.3 Unarmed Combat
 + Level 3.1 Spellcasting
 + Level 1.0 Conjurations
 + Level 1.0 Hexes
 + Level 1.0 Summonings
 + Level 1.0 Necromancy
 + Level 1.0 Translocations
 + Level 1.0 Transmutations
 + Level 1.0 Fire Magic
 + Level 1.0 Ice Magic
 + Level 3.9 Air Magic
 + Level 3.9 Earth Magic
 + Level 1.0 Poison Magic
 + Level 1.4 Invocations
 + Level 1.3 Evocations


You had 7 spell levels left.
You knew the following spells:

 Your Spells              Type           Power      Damage    Failure   Level
a - Searing Ray           Conj           12%        2d4       28%         2
g - Apportation           Tloc           12%        N/A       19%         1

Your spell library contained the following spells:

 Spells                   Type           Power      Damage    Failure   Level
 Static Discharge         Conj/Air       11%        N/A       16%         2
 Gell's Gravitas          Tloc           3%         N/A       50%         3


Dungeon Overview and Level Annotations

Branches:
Dungeon (4/15)
 Temple: D:4-7

Altars:
Elyvilon
Hepliaklqana
Okawaru
Yredelemnul
The Shining One


Innate Abilities, Weirdness & Mutations

You have very sharp teeth.
Your uncanny sense of smell can sniff out nearby items.
Your experience applies equally to all skills.


Message History

Press: ? - help, Q - select action, (/) - cycle Shift-Dir - straight line, f/p - scorpion
Aim: a scorpion (severely wounded, 63% to hit)
You shoot an arrow. The arrow closely misses the scorpion.
The scorpion stings you.
Fire: 40 arrows
Press: ? - help, Q - select action, (/) - cycle Shift-Dir - straight line, f/p - scorpion
Aim: a scorpion (severely wounded, 63% to hit)
You shoot an arrow. The arrow hits the scorpion.
The scorpion is almost dead.
The scorpion stings you.
You are poisoned.
The scorpion poisons you! The scorpion stings you.
Fire: 39 arrows
Press: ? - help, Q - select action, (/) - cycle Shift-Dir - straight line, f/p - scorpion
Aim: a scorpion (almost dead, 63% to hit)
You shoot an arrow. The arrow closely misses the scorpion.
You feel very sick. The scorpion stings you!
* * * LOW HITPOINT WARNING * * *
You are more poisoned.
The scorpion poisons you!
It was a potion of haste.
You feel yourself speed up.
H - 2 potions of haste
* * * LOW HITPOINT WARNING * * *
You feel very sick. The scorpion stings you.
* * * LOW HITPOINT WARNING * * *
Okay, then.
* * * LOW HITPOINT WARNING * * *
You feel sick.
* * * LOW HITPOINT WARNING * * *
You feel sick.
* * * LOW HITPOINT WARNING * * *
You feel sick.
* * * LOW HITPOINT WARNING * * *
You feel sick.
* * * LOW HITPOINT WARNING * * *
You feel sick.
It was a potion of might.
You feel very mighty all of a sudden.
You feel sick.
It was a potion of flight.
You feel very buoyant.
You fly up into the air.
You feel sick. The scorpion barely misses you.
It was a potion of brilliance.
You feel clever all of a sudden.
* * * LOW HITPOINT WARNING * * *
You feel sick. The scorpion stings you.
You die...
Your body rises from the dead as a mindless zombie.

### ### #.. ..#
#.# #.#
((.####.#####.###
..(.(((....##...
...####.##.##.####
#....s@....#
#######.##.# ∆
#.##.##.#
#.<.....#
#.##.#.## #.# #
#.# #.. #.#


You could see a scorpion.

Vanquished Creatures
  A jelly (D:3)
  A hound skeleton (D:4)
  2 adders
  A worm (D:2)
  A dart slug (D:2)
  An orc (D:3)
  4 bats
  4 endoplasms
  2 giant cockroaches
  8 goblins
  9 hobgoblins
  2 jackals (D:3)
  A quokka (D:2)
  A ball python (D:1)
  A frilled lizard (D:3)
  5 kobolds
  8 rats
52 creatures vanquished.

Vanquished Creatures (others)
  2 fungi (D:2)
  A plant (D:2)
3 creatures vanquished.

Grand Total: 55 creatures vanquished

Notes
Turn   | Place    | Note
-------+----------+-------------------------------------------
     0 | D:1      | Ge0ff the Gnoll Wanderer began the quest for the Orb.
     0 | D:1      | Ge0ff set off with the following items: a +2 shortbow, 21
                  | arrows, a +0 robe; and the following spell memorised:
                  | Apportation; and the following spells available to
                  | memorise: Static Discharge, Searing Ray, Gell's Gravitas
     0 | D:1      | Reached XP level 1. HP: 17/17 MP: 4/4
    88 | D:1      | Reached XP level 2. HP: 23/23 MP: 5/5
   135 | D:1      | Learned a level 2 spell: Searing Ray
   892 | D:2      | Found a faded altar of an unknown god.
   906 | D:2      | Prayed at the altar of an unknown god.
   906 | D:2      | Became a worshipper of Yredelemnul the Dark
   906 | D:2      | Reached * piety under Yredelemnul
  1030 | D:2      | Reached XP level 3. HP: 28/28 MP: 7/7
  1348 | D:2      | Reached skill level 1 in Invocations
  1650 | D:2      | Reached skill level 1 in Short Blades
  1650 | D:2      | Reached skill level 1 in Long Blades
  1650 | D:2      | Reached skill level 1 in Axes
  1650 | D:2      | Reached skill level 1 in Maces & Flails
  1650 | D:2      | Reached skill level 1 in Polearms
  1650 | D:2      | Reached skill level 1 in Staves
  1650 | D:2      | Reached skill level 1 in Slings
  1650 | D:2      | Reached skill level 1 in Crossbows
  1650 | D:2      | Reached skill level 1 in Dodging
  1650 | D:2      | Reached skill level 1 in Stealth
  1650 | D:2      | Reached skill level 1 in Shields
  1650 | D:2      | Reached skill level 1 in Unarmed Combat
  1650 | D:2      | Reached skill level 1 in Evocations
  1793 | D:3      | Reached XP level 4. HP: 34/34 MP: 8/8
  1809 | D:3      | Reached ** piety under Yredelemnul
  1851 | D:3      | Reached skill level 1 in Conjurations
  1851 | D:3      | Reached skill level 1 in Hexes
  1851 | D:3      | Reached skill level 1 in Summonings
  1851 | D:3      | Reached skill level 1 in Necromancy
  1851 | D:3      | Reached skill level 1 in Translocations
  1851 | D:3      | Reached skill level 1 in Transmutations
  1851 | D:3      | Reached skill level 1 in Fire Magic
  1851 | D:3      | Reached skill level 1 in Ice Magic
  1851 | D:3      | Reached skill level 1 in Poison Magic
  1877 | D:3      | Found a hazy altar of Hepliaklqana.
  1877 | D:3      | Found an iron altar of Okawaru.
  2315 | D:3      | Found a white marble altar of Elyvilon.
  2483 | D:4      | Reached XP level 5. HP: 40/40 MP: 9/9
  2483 | D:4      | Found a glowing golden altar of the Shining One.
  2559 | D:4      | HP: 2/40 [poisoned by a scorpion]
  2563 | D:4      | Slain by a scorpion

Illustrated notes

Levels and vault maps discovered:
D:1:      co_arrival_square_in_a_square_in_a_square, layout_loops_ring
D:2:      layout_loops_ring, shapermc_ecumenical_altar_mp_urbaneastern,
          kennysheep_generic_room_12
D:3:      layout_loops_ring, mainiacjoe_overflow_large_starburst,
          elyvilon_altar_4, minivault_26
D:4:      layout_loops_cross, mainiacjoe_overflow_alcove_4, enter_ossuary_3

Skill      XL: |  1  2  3  4 |
---------------+-------------+-----
Invocations    | 1 |  1.4
Short Blades   | 1 |  1.3
Long Blades    | 1 |  1.3
Axes           | 1 |  1.3
Maces & Flails | 1 |  1.3
Polearms       | 1 |  1.3
Staves         | 1 |  1.3
Slings         | 1 |  1.3
Crossbows      | 1 |  1.3
Dodging        | 1 |  1.3
Stealth        | 1 |  1.3
Shields        | 1 |  1.3
Unarmed Combat | 1 |  1.3
Evocations     | 1 |  1.3
Spellcasting   | 3 |  3.1
Conjurations   | 1 |  1.0
Hexes          | 1 |  1.0
Summonings     | 1 |  1.0
Necromancy     | 1 |  1.0
Translocations | 1 |  1.0
Transmutations | 1 |  1.0
Fire Magic     | 1 |  1.0
Ice Magic      | 1 |  1.0
Poison Magic   | 1 |  1.0
Fighting       | |  2.8
Bows           | |  2.8
Throwing       | |  4.7
Armour         | |  2.8
Air Magic      | |  3.9
Earth Magic    | |  3.9

Action                   |  1- 3 |  4- 6 || total
-------------------------+-------+-------++-------
Melee: Dagger            |    15 |       ||    15
 Fire: Shortbow          |    77 |    38 ||   115
  Use: Scroll            |     2 |     5 ||     7
       Potion            |       |     4 ||     4
Armor: Robe              |     7 |       ||     7
       Leather armour    |       |     2 ||     2
Dodge: Dodged            |    11 |     8 ||    19
Block: Other             |     2 |       ||     2

Table legend: (Time is in decaauts)
 A = Elapsed time spent in this place.
 B = Non-inter-level travel time spent in this place.
 C = Inter-level travel time spent in this place.
 D = Time resting spent in this place.
 E = Time spent auto-exploring this place.
 F = Levels seen in this place.
 G = Mean time per level.
                   A        B        C        D        E       F      G
               +--------+--------+--------+--------+--------+-----+--------+
         Total |   2579 |   2417 |    162 |      0 |   1871 |   4 |  644.8 |
       Dungeon |   2579 |   2417 |    162 |      0 |   1871 |   4 |  644.8 |
               +--------+--------+--------+--------+--------+-----+--------+

Top non-repeatable levels by time:
     D:1: 888 daAuts
     D:2: 875 daAuts
     D:3: 704 daAuts
     D:4: 111 daAuts
